BSA
NIAGARA FALLS FRENZY @ SAN FRANCISCO BANDITS
07/31/2024
 
TOP OF THE 1ST
Niagara Falls Frenzy batting - Pitching for San Francisco Bandits : LHP Tomiji Takuda
Pitching: LHP Tomiji Takuda
Batting: RHB Eichiro Yamamoto 0-0: Called Strike
0-1: Called Strike
0-2: Ground out 5-3 (Groundball, 5S)
Batting: LHB Clyde Yarbrough 0-0: Ground out U3 (Groundball, 3S)
Batting: LHB Dante Owens 0-0: Ball
1-0: Ball
2-0: Ball
3-0: Base on Balls
Batting: LHB Donovan Bird 0-0: Called Strike
0-1: Ball
1-1: Ball
2-1: Ball
3-1: Called Strike
3-2: SINGLE (Groundball, 4)
Dante Owens to second
Dante Owens to third
Batting: RHB Lawrence Schroeder 0-0: Ball
1-0: Ball
2-0: Ball
3-0: Called Strike
3-1: Called Strike
3-2: Foul Ball, location: 2F
3-2: Base on Balls
Donovan Bird to second
Batting: SHB Shumei Yokoyama 0-0: Called Strike
0-1: Called Strike
0-2: Foul Ball, location: 2F
0-2: Ball
1-2: Ball
2-2: Foul Ball, location: 2F
2-2: Ball
3-2: Foul Ball, location: 2F
3-2: Fly out, F9 (Flyball, 9D)
Top of the 1st over - 0 run(s), 1 hit(s), 0 error(s), 3 left on base; Niagara Falls 0 - San Francisco 0
BOTTOM OF THE 1ST
San Francisco Bandits batting - Pitching for Niagara Falls Frenzy : LHP Tomás Fajardo
Pitching: LHP Tomás Fajardo
Batting: RHB Pete Rideout 0-0: Called Strike
0-1: Ball
1-1: Ground out 5-3 (Groundball, 56)
Batting: SHB Vicente Ricks 0-0: Ball
1-0: Fly out, F7 (Flyball, 7M)
Batting: RHB Jorge Morales 0-0: Ball
1-0: Called Strike
1-1: Ball
2-1: SINGLE (Groundball, 56D) (infield hit)
Batting: RHB Cory Foster 0-0: Swinging Strike
0-1: Ball
1-1: Ball
2-1: Fly out, F7 (Flyball, 7S)
Bottom of the 1st over - 0 run(s), 1 hit(s), 0 error(s), 1 left on base; Niagara Falls 0 - San Francisco 0
TOP OF THE 2ND
Niagara Falls Frenzy batting - Pitching for San Francisco Bandits : LHP Tomiji Takuda
Batting: RHB Ángel Hinojosa 0-0: Ball
1-0: Ball
2-0: Swinging Strike
2-1: SINGLE (Groundball, 4MD)
Batting: RHB Cordell Gibson 0-0: Grounds into double play, 4-6-3 (Groundball, 4)
Batting: RHB Juan Carlos Rodríguez 0-0: Foul Ball, location: 2F
0-1: Foul Ball, location: 2F
0-2: Ball
1-2: Ball
2-2: Ball
3-2: Base on Balls
Batting: RHB Eichiro Yamamoto 0-0: Ball
1-0: Ground out 1-3 (Groundball, 23)
Top of the 2nd over - 0 run(s), 1 hit(s), 0 error(s), 1 left on base; Niagara Falls 0 - San Francisco 0
BOTTOM OF THE 2ND
San Francisco Bandits batting - Pitching for Niagara Falls Frenzy : LHP Tomás Fajardo
Batting: RHB Michael Elliott 0-0: Ball
1-0: Ground out 6-3 (Groundball, 6M)
Batting: RHB Ramón Ruíz 0-0: Fly out, F9 (Flyball, 89M)
Batting: LHB Germán Rivas 0-0: Called Strike
0-1: Ball
1-1: Foul Ball, location: 2F
1-2: Foul Ball, location: 2F
1-2: Ball
2-2: Ball
3-2: Base on Balls
Batting: RHB Susumu Sugiyama 0-0: Ball
1-0: Ground out 1-3 (Groundball, 25)
Bottom of the 2nd over - 0 run(s), 0 hit(s), 0 error(s), 1 left on base; Niagara Falls 0 - San Francisco 0
TOP OF THE 3RD
Niagara Falls Frenzy batting - Pitching for San Francisco Bandits : LHP Tomiji Takuda
Batting: LHB Clyde Yarbrough 0-0: Called Strike
0-1: Ball
1-1: Ball
2-1: Fly out, F8 (Line Drive, 8LM)
Batting: LHB Dante Owens 0-0: Ball
1-0: Swinging Strike
1-1: Ball
2-1: DOUBLE (Line Drive, 8RM)
Batting: LHB Donovan Bird 0-0: Called Strike
0-1: Ball
1-1: Swinging Strike
1-2: Fly out, F8 (Flyball, 8RD)
Runner from 2nd tags up, SAFE at 3rd, no throw
Batting: RHB Lawrence Schroeder 0-0: Ball
1-0: Ball
2-0: Ball
3-0: Base on Balls
Batting: SHB Shumei Yokoyama 0-0: Ball
1-0: Ball
2-0: Called Strike
2-1: Ground out 2-3 (Groundball, 25)
Top of the 3rd over - 0 run(s), 1 hit(s), 0 error(s), 2 left on base; Niagara Falls 0 - San Francisco 0
BOTTOM OF THE 3RD
San Francisco Bandits batting - Pitching for Niagara Falls Frenzy : LHP Tomás Fajardo
Batting: RHB Jorge Díaz 0-0: Swinging Strike
0-1: Ball
1-1: Foul Ball, location: 2F
1-2: Ball
2-2: Strikes out swinging
Batting: RHB Pete Rideout 0-0: Fly out, F6 (Popup, 6M)
Batting: SHB Vicente Ricks 0-0: Ball
1-0: Foul Ball, location: 2F
1-1: Swinging Strike
1-2: Ball
2-2: Fly out, F7 (Flyball, 7D)
Bottom of the 3rd over - 0 run(s), 0 hit(s), 0 error(s), 0 left on base; Niagara Falls 0 - San Francisco 0
TOP OF THE 4TH
Niagara Falls Frenzy batting - Pitching for San Francisco Bandits : LHP Tomiji Takuda
Batting: RHB Ángel Hinojosa 0-0: Called Strike
0-1: Swinging Strike
0-2: Ground out 1-3 (Groundball, 13S)
Batting: RHB Cordell Gibson 0-0: Ball
1-0: Called Strike
1-1: SINGLE (Groundball, 4MD)
Batting: RHB Juan Carlos Rodríguez 0-0: Ball
1-0: Called Strike
1-1: Ball
2-1: Ball
3-1: Base on Balls
Cordell Gibson to second
Batting: RHB Eichiro Yamamoto 0-0: Ball
1-0: Ball
2-0: Called Strike
2-1: TRIPLE (Flyball, 8LXD)
Cordell Gibson scores
Juan Carlos Rodríguez scores
Batting: LHB Clyde Yarbrough 0-0: Fly out, F8 (Flyball, 8LXD)
Runner from 3rd tags up, SCORES, no throw
Batting: LHB Dante Owens 0-0: Ball
1-0: Foul Ball, location: 2F
1-1: Ground out 6-3 (Groundball, 6M)
Top of the 4th over - 3 run(s), 2 hit(s), 0 error(s), 0 left on base; Niagara Falls 3 - San Francisco 0
BOTTOM OF THE 4TH
San Francisco Bandits batting - Pitching for Niagara Falls Frenzy : LHP Tomás Fajardo
Batting: RHB Jorge Morales 0-0: Called Strike
0-1: Foul Ball, location: 2F
0-2: Ball
1-2: Foul Ball, location: 2F
1-2: Ball
2-2: Foul Ball, location: 2F
2-2: Ball
3-2: Base on Balls
Batting: RHB Cory Foster 0-0: Ball
1-0: Ball
2-0: Ball
3-0: Called Strike
3-1: Called Strike
3-2: Foul Ball, location: 2F
3-2: Base on Balls
Jorge Morales to second
Batting: RHB Michael Elliott 0-0: Swinging Strike
0-1: Ball
1-1: Foul Ball, location: 2F
1-2: Strikes out swinging
Batting: RHB Ramón Ruíz 0-0: Called Strike
0-1: Foul Ball, location: 2F
0-2: Grounds into double play, 4-6-3 (Groundball, 4M)
Bottom of the 4th over - 0 run(s), 0 hit(s), 0 error(s), 1 left on base; Niagara Falls 3 - San Francisco 0
TOP OF THE 5TH
Niagara Falls Frenzy batting - Pitching for San Francisco Bandits : LHP Tomiji Takuda
Batting: LHB Donovan Bird 0-0: Called Strike
0-1: Ball
1-1: Foul Ball, location: 2F
1-2: Foul Ball, location: 2F
1-2: Ball
2-2: SINGLE (Line Drive, 9LS)
Batting: RHB Lawrence Schroeder 0-0: Ball
Donovan Bird is caught stealing 2nd base
1-0: Foul Ball, location: 2F
1-1: Foul Ball, location: 2F
1-2: Ball
2-2: Ground out 1-3 (Groundball, 15)
Batting: SHB Shumei Yokoyama 0-0: Ground out 6-3 (Groundball, 6)
Top of the 5th over - 0 run(s), 1 hit(s), 0 error(s), 0 left on base; Niagara Falls 3 - San Francisco 0
BOTTOM OF THE 5TH
San Francisco Bandits batting - Pitching for Niagara Falls Frenzy : LHP Tomás Fajardo
Batting: LHB Germán Rivas 0-0: Ball
1-0: Swinging Strike
1-1: Called Strike
1-2: Foul Ball, location: 2F
1-2: Ball
2-2: Foul Ball, location: 2F
2-2: Ball
3-2: SOLO HOME RUN (Flyball, 8RXD), Distance : 438 ft
Batting: RHB Susumu Sugiyama 0-0: Ball
1-0: SOLO HOME RUN (Flyball, 78XD), Distance : 369 ft
Batting: RHB Jorge Díaz 0-0: Fly out, F7 (Line Drive, 7D)
Batting: RHB Pete Rideout 0-0: Ground out 5-3 (Groundball, 5S)
Batting: SHB Vicente Ricks 0-0: Swinging Strike
0-1: Called Strike
0-2: Strikes out swinging
Bottom of the 5th over - 2 run(s), 2 hit(s), 0 error(s), 0 left on base; Niagara Falls 3 - San Francisco 2
TOP OF THE 6TH
Niagara Falls Frenzy batting - Pitching for San Francisco Bandits : LHP Tomiji Takuda
Batting: RHB Ángel Hinojosa 0-0: Called Strike
0-1: Foul Ball, location: 2F
0-2: Foul Ball, location: 2F
0-2: Foul Ball, location: 2F
0-2: SINGLE (Groundball, 5D)
Batting: RHB Cordell Gibson 0-0: Ball
1-0: Ball
2-0: Ball
3-0: Base on Balls
Ángel Hinojosa to second
Batting: RHB Juan Carlos Rodríguez 0-0: Ball
1-0: Ball
2-0: SINGLE (Line Drive, 78S)
Ángel Hinojosa to third
Cordell Gibson to second
Runner from 3rd tries for Home, throw and OUT!
Batting: RHB Eichiro Yamamoto 0-0: Ball
1-0: Grounds into double play, 6-4-3 (Groundball, 6)
Top of the 6th over - 0 run(s), 2 hit(s), 0 error(s), 1 left on base; Niagara Falls 3 - San Francisco 2
BOTTOM OF THE 6TH
San Francisco Bandits batting - Pitching for Niagara Falls Frenzy : LHP Tomás Fajardo
Batting: RHB Jorge Morales 0-0: Called Strike
0-1: Ball
1-1: Foul Ball, location: 2F
1-2: Foul Ball, location: 2F
1-2: Strikes out looking
Batting: RHB Cory Foster 0-0: Called Strike
0-1: Foul Ball, location: 2F
0-2: Ball
1-2: Ball
2-2: Strikes out swinging
Batting: RHB Michael Elliott 0-0: Called Strike
0-1: Ball
1-1: Ball
2-1: SINGLE (Line Drive, 6D)
Batting: RHB Ramón Ruíz 0-0: Ball
1-0: SINGLE (Line Drive, 34)
Michael Elliott to second
Batting: LHB Germán Rivas 0-0: Ball
1-0: Called Strike
1-1: Ball
2-1: Foul Ball, location: 2F
2-2: Ball
3-2: Fly out, F3 (Popup, 3SF)
Bottom of the 6th over - 0 run(s), 2 hit(s), 0 error(s), 2 left on base; Niagara Falls 3 - San Francisco 2
TOP OF THE 7TH
Niagara Falls Frenzy batting - Pitching for San Francisco Bandits : LHP Tomiji Takuda
Pitching: RHP Pedro Castillo
Batting: LHB Clyde Yarbrough 0-0: Ball
1-0: Ball
2-0: Foul Ball, location: 2F
2-1: DOUBLE (Flyball, 89D)
Batting: LHB Dante Owens 0-0: Called Strike
0-1: Foul Ball, location: 2F
0-2: Foul Ball, location: 2F
0-2: Foul Ball, location: 2F
0-2: Ball
1-2: DOUBLE (Line Drive, 5D)
Clyde Yarbrough scores
Batting: LHB Donovan Bird 0-0: Intentional Walk
Pinch Hitting: SHB Ray Burgess 0-0: Ball
1-0: Called Strike
1-1: DOUBLE (Line Drive, 89XD)
Dante Owens scores
Donovan Bird to third
Runner from 3rd tries for Home, SAFE, no throw or cutoff
Batting: SHB Shumei Yokoyama 0-0: Intentional Walk
Pitching: RHP Carlos Ruíz
Batting: RHB Ángel Hinojosa 0-0: Foul Ball, location: 2F
0-1: Bunted foul
0-2: Ball
1-2: Ball
2-2: Strikes out looking
Batting: RHB Cordell Gibson 0-0: Ball
1-0: Foul Ball, location: 2F
1-1: Ball
2-1: Foul Ball, location: 2F
2-2: Ball
3-2: SINGLE (Line Drive, 34D)
Ray Burgess to third
Shumei Yokoyama to second
Batting: RHB Juan Carlos Rodríguez 0-0: Ball
1-0: Called Strike
1-1: Grounds into double play, 5-4-3 (Groundball, 56)
Top of the 7th over - 3 run(s), 4 hit(s), 0 error(s), 2 left on base; Niagara Falls 6 - San Francisco 2
BOTTOM OF THE 7TH
San Francisco Bandits batting - Pitching for Niagara Falls Frenzy : LHP Tomás Fajardo
Now at 3B: Bryce Hester
Batting: RHB Susumu Sugiyama 0-0: Ball
1-0: Ball
2-0: Called Strike
2-1: Bunted foul
2-2: Ball
3-2: Foul Ball, location: 2F
3-2: Foul Ball, location: 2F
3-2: Foul Ball, location: 2F
3-2: DOUBLE (Groundball, 5L)
Pitching: LHP António Bueno
Batting: RHB Jorge Díaz 0-0: Ground out 6-3 (Groundball, 6)
Susumu Sugiyama to third
Batting: RHB Pete Rideout 0-0: Called Strike
0-1: Foul Ball, location: 2F
0-2: Ground out 6-3 (Groundball, 6)
Susumu Sugiyama scores
Batting: SHB Vicente Ricks 0-0: Ball
1-0: Called Strike
1-1: Ball
2-1: Swinging Strike
2-2: Strikes out looking
Bottom of the 7th over - 1 run(s), 1 hit(s), 0 error(s), 0 left on base; Niagara Falls 6 - San Francisco 3
TOP OF THE 8TH
Niagara Falls Frenzy batting - Pitching for San Francisco Bandits : RHP Carlos Ruíz
Batting: RHB Eichiro Yamamoto 0-0: Foul Ball, location: 2F
0-1: Fly out, F9 (Flyball, 9S)
Batting: LHB Clyde Yarbrough 0-0: Ball
1-0: Ground out 4-3 (Groundball, 4)
Batting: LHB Dante Owens 0-0: Ground out 3-1 (Groundball, 34)
Top of the 8th over - 0 run(s), 0 hit(s), 0 error(s), 0 left on base; Niagara Falls 6 - San Francisco 3
BOTTOM OF THE 8TH
San Francisco Bandits batting - Pitching for Niagara Falls Frenzy : LHP António Bueno
Batting: RHB Jorge Morales 0-0: Ball
1-0: Ball
2-0: Ball
3-0: Called Strike
3-1: Foul Ball, location: 2F
3-2: Strikes out swinging
Batting: RHB Cory Foster 0-0: Called Strike
0-1: Fly out, F5 (Popup, 56)
Batting: RHB Michael Elliott 0-0: Ball
1-0: Foul Ball, location: 2F
1-1: Ball
2-1: Swinging Strike
2-2: Ball
3-2: DOUBLE (Line Drive, 5L)
Pitching: LHP Santiago Valentín
Batting: RHB Ramón Ruíz 0-0: Called Strike
0-1: Ball
1-1: Ball
2-1: DOUBLE (Groundball, 3L)
Michael Elliott scores
Batting: LHB Germán Rivas 0-0: Called Strike
0-1: Ground out 4-3 (Groundball, 4M)
Bottom of the 8th over - 1 run(s), 2 hit(s), 0 error(s), 1 left on base; Niagara Falls 6 - San Francisco 4
TOP OF THE 9TH
Niagara Falls Frenzy batting - Pitching for San Francisco Bandits : RHP Carlos Ruíz
Pitching: RHP Mal Park
Batting: LHB Donovan Bird 0-0: DOUBLE (Line Drive, 9LD)
Batting: RHB Bryce Hester 0-0: Swinging Strike
0-1: Foul Ball, location: 2F
0-2: Foul Ball, location: 2F
0-2: DOUBLE (Flyball, 9S)
Donovan Bird scores
Batting: SHB Shumei Yokoyama 0-0: Intentional Walk
Batting: RHB Ángel Hinojosa 0-0: Ball
1-0: Bunted foul
1-1: Sac Bunt - play at first, batter OUT! 5-4
Bryce Hester to third
Shumei Yokoyama to second
Pitching: RHP José Rivera
Batting: RHB Cordell Gibson 0-0: Ball
1-0: Fly out, F8 (Flyball, 8RM)
Runner from 3rd tags up, SCORES, no throw
Batting: RHB Juan Carlos Rodríguez 0-0: Swinging Strike
0-1: Ball
1-1: Called Strike
1-2: Ground out 6-3 (Groundball, 6)
Top of the 9th over - 2 run(s), 2 hit(s), 0 error(s), 1 left on base; Niagara Falls 8 - San Francisco 4
BOTTOM OF THE 9TH
San Francisco Bandits batting - Pitching for Niagara Falls Frenzy : LHP Santiago Valentín
Batting: RHB Susumu Sugiyama 0-0: Fly out, F8 (Flyball, 8RXD)
Batting: RHB Jorge Díaz 0-0: Called Strike
0-1: Foul Ball, location: 2F
0-2: Ball
1-2: Ball
2-2: Strikes out swinging
Batting: RHB Pete Rideout 0-0: Swinging Strike
0-1: Ground out 6-3 (Groundball, 6)
Bottom of the 9th over - 0 run(s), 0 hit(s), 0 error(s), 0 left on base; Niagara Falls 8 - San Francisco 4
This league is powered by Out of the Park Baseball, the baseball management simulation game for PC, Mac and Linux
Saturday, April 9th, 2016 - OOTP Baseball 16.8 Build 38